nht, chaotic female elven Wizard --- --- ---- --- --.------------ --- ... --..|--.| |......%......| .| ... |...--..-- |..----------.-- .| -... - --........|---.-- |.%.|.| --.....--.........--...|-- -- --...|.| -.............^..%.%%-.|.--.-- |......| ---......)...%..........| |....-.--- |....)%>.............-- |........| ---..G..)---.--........| --...|...| |.....@.-- ---|.......-- |..-|..-- - --.h..| -.......| -----..| --...| |......--- --...-- --..| |......| |.....| -..- --.--..- --....| .. |.|--.. ---...-- ---- |.| |... |...--- .| --... |...| .| [.| |.<-- --- .-- |..| -- ---- nht the Conjurer Experience level: 4 Strength: 12 Dexterity: 13 Constitution: 16 Intelligence: 18 Wisdom: 11 Charisma: 12 Health: 0(28) Energy: 45(49) Def: 1 Gold: 9 Moves: 153 Dungeon seed: 7qDA_TzuCvu8DM8P Game ID: nht_1433396007 Your Inventory: Coins $ - 9 gold pieces Weapons a - a blessed +1 quarterstaff (weapon in hands) u - 14 +0 crossbow bolts Armor e - an uncursed +0 cloak of magic resistance (being worn) q - an uncursed +0 dwarvish cloak Comestibles x - an uncursed food ration Scrolls i - an uncursed scroll of enchant armor j - an uncursed scroll of identify k - an uncursed scroll of gold detection t - an uncursed scroll of punishment Spellbooks l - a blessed spellbook of force bolt m - a blessed spellbook of magic missile n - an uncursed spellbook of wizard lock Potions f - an uncursed potion of oil g - an uncursed potion of levitation h - an uncursed potion of blindness r - an uncursed potion of water Rings c - an uncursed ring of polymorph control d - an uncursed +1 ring of gain constitution w - an uncursed ring of teleport control y - an uncursed ring of conflict Wands b - a wand of probing (0:8) Tools o - a magic marker (0:86) p - an uncursed wooden flute s - an uncursed tin whistle v - an uncursed wax candle (0:400) Gems z - 2 uncursed opals Spells known in the end: Name Level Category Fail Memory a - force bolt 1 attack 0% 100% b - magic missile 2 attack 0% 100% c - wizard lock 2 matter 53% 100% Your skills at the end: Fighting Skills Weapon Skills quarterstaff [Basic] Spellcasting Skills attack spells [Basic] enchantment spells [Basic] Final Attributes: You were piously aligned. You were sleep resistant. You were magic-protected. You had infravision. You are dead. Vanquished creatures: a gnome lord a dwarf a hobbit 8 gnomes a jackal a kobold zombie 13 creatures vanquished. Voluntary challenges: You followed a strict vegan diet. You were an atheist. You used a wielded weapon 22 times, starting on turn 74. You read items or engraved 2 times, starting on turn 110. You never genocided any monsters. You never polymorphed an object. You never changed form. You used no wishes. You never split a pudding. You wrote Elbereth's name 2 times, starting on turn 110. You never violated your personal moral code. You disabled loading bones files. Dungeon overview: The Dungeons of Doom: levels 1 to 2 Level 1 a long staircase Level 2 stairs to The Gnomish Mines The Gnomish Mines: Level 3 <- You were here stairs to The Dungeons of Doom History has recorded: On T:1 you entered the Dungeons of Doom to retrieve the Amulet of Yendor! On T:21 you reached level 2 of The Dungeons of Doom. On T:58 you reached level 1 of The Gnomish Mines. On T:107 you advanced to experience level 2. On T:116 you advanced to experience level 3. On T:143 you advanced to experience level 4. Score breakdown: Gold: 9 ( 3401 points) Experience: 4 levels ( 9649 points) Exploration: 3 levels ( 6.25%) ( 6188 points) Discoveries: 2 items ( 0.72%) ( 2549 points) Valuables value: (no points given unless you survive) Artifact value: 0 ( 0 points) Variety of kills: 6 monsters ( 1.58%) ( 3774 points) Time penalty: 153 turns ( 0 points) Survival: died (score multiplied by 80%) Total score: 20448 Latest messages: You hit the dwarf. The dwarf thrusts his dagger. The dwarf hits! You die... Final status: Goodbye nht the Wizard, killed by a dwarf... You died in The Gnomish Mines on dungeon level 3 with 20448 points, and 9 pieces of gold, after 153 moves. You were level 4 with a maximum of 28 hit points when you died.